 Dungeon Crawl Stone Soup version 0.29-a0-520-gc852659d43 (webtiles) character file.

Game seed: 13214037692474919129

1372 happo123 the Sneak (level 8, -8/39 (46) HPs)
             Began as a Kobold Enchanter on June 1, 2022.
             Was a Follower of Fedhas.
             Mangled by a wight
             ... wielding a +0 flail
              (9 damage)
             ... on level 6 of the Dungeon.
             The game lasted 00:18:17 (5856 turns).

happo123 the Sneak (Kobold Enchanter)               Turns: 5856, Time: 00:18:17

HP:   -8/39 (46)    AC:  7    Str: 12    XL:     8   Next: 98%
MP:   2/14          EV: 15    Int: 18    God:    Fedhas [*.....]
Gold: 224           SH:  0    Dex: 15    Spells: 7/15 levels left

rFire   . . .      SeeInvis .   h - +4 dagger (venom)
rCold   + . .      Faith    .   (no shield)
rNeg    . . .      Spirit   .   A - +2 leather armour {rC+}
rPois   .          Reflect  .   w - +0 helmet
rElec   .          Harm     .   (no cloak)
rCorr   .          Rampage  .   f - +0 pair of gloves
Will    .....                   (no boots)
Stlth   ++++......              (no amulet)
HPRegen 0.13/turn               E - +6 ring of strength
MPRegen 0.14/turn               (no ring)

@: confusing by touch, heavily drained
A: small, no large weapons, nightstalker 3
a: Renounce Religion


You were on level 6 of the Dungeon.
You worshipped Fedhas.
Fedhas was aware of your devotion.
You visited 2 branches of the dungeon, and saw 7 of its levels.

You collected 224 gold pieces.

Inventory:

Hand Weapons
 a - a +1 dagger
 h - a +4 dagger of venom (weapon)
 x - a +0 shortbow
Armour
 b - a +0 robe
 f - a +0 pair of gloves (worn)
 w - a +0 helmet (worn)
 A - a +2 leather armour of cold resistance (worn)
Jewellery
 s - an amulet of guardian spirit
 E - a +6 ring of strength (left hand)
Wands
 q - a wand of iceblast (9)
 y - a wand of mindburst (11)
 z - a wand of flame (49)
Scrolls
 d - 2 scrolls of vulnerability {unknown}
 g - 5 scrolls of teleportation {unknown}
 k - a scroll of immolation {unknown}
 l - 2 scrolls of enchant armour {unknown}
 o - 2 scrolls of fog {unknown}
 p - 3 scrolls of identify {unknown}
 v - 2 scrolls of enchant weapon {unknown}
 B - a scroll of summoning {unknown}
Potions
 c - 2 potions of invisibility
 e - a potion of ambrosia {unknown}
 i - 3 potions of curing {unknown}
 j - 4 potions of might {unknown}
 m - a potion of attraction {unknown}
 n - 3 potions of haste {unknown}
 r - a potion of berserk rage {unknown}
 t - 2 potions of heal wounds {unknown}
 u - 3 potions of lignification {unknown}
 C - a potion of flight {unknown}
 D - a potion of cancellation {unknown}


   Skills:
 + Level 3.2 Fighting
 + Level 4.5 Short Blades
 + Level 1.2 Armour
 + Level 4.5 Dodging
 + Level 6.1 Stealth
 + Level 4.0 Spellcasting
 + Level 2.8 Conjurations
 * Level 5.6 Hexes
 + Level 2.1 Air Magic
 + Level 2.7 Invocations


You had 7 spell levels left.
You knew the following spells:

 Your Spells              Type           Power      Damage    Failure   Level
a - Ensorcelled Hibernat  Hex/Ice        26%        N/A       9%          2
b - Confusing Touch       Hex            23%        N/A       5%          3
c - Tukima's Dance        Hex            23%        N/A       5%          3

Your spell library contained the following spells:

 Spells                   Type           Power      Damage    Failure   Level
 Static Discharge         Conj/Air       12%        N/A       10%         2
 Dazzling Flash           Conj/Hex       36%        N/A       10%         3
 Lightning Bolt           Conj/Air       6%         1d18      88%         5
 Maxwell's Capacitive Co  Air            5%         ∞         100%        8


Dungeon Overview and Level Annotations

Branches:
Dungeon (6/15)             Temple (1/1) D:5

Altars:
Dithmenos
Elyvilon
Fedhas
Gozag
Hepliaklqana
Kikubaaqudgha
Makhleb
Okawaru
Ru
Sif Muna
Trog
Uskayaw
Vehumet
Wu Jian
Yredelemnul
Zin


Innate Abilities, Weirdness & Mutations

You are small and have problems with some larger weapons.
You are completely attuned to the shadows.


Message History

You hit the wight but do no damage.
The wight appears confused.
The wight hits you from afar with a +0 spear.
Casting: Confusing Touch (dangerous; 5% risk of failure)
Confirm with . or Enter, or press ? or * to list all spells.
Your hands begin to glow red.
The wight hits you but does no damage. The wight misses you.
The wight hits you but does no damage.
You hit the wight but do no damage. The wight hits you but does no damage.
You hit the wight but do no damage.
The wight appears confused.
The wight hits itself with a +0 spear.
The wight hits you from afar with a +0 spear.
You feel drained.
Casting: Confusing Touch (dangerous; 5% risk of failure)
Confirm with . or Enter, or press ? or * to list all spells.
Your hands begin to glow red.
The wight hits you from afar with a +0 spear.
The wight closely misses you. The wight hits you with a +0 flail!
You feel drained. The wight misses you.
You closely miss the wight. You barely miss the wight. The wight misses you.
The wight hits you with a +0 flail!
* * * LOW HITPOINT WARNING * * *
You feel drained.
* * * LOW HITPOINT WARNING * * *
The wight barely misses you.
The wight hits the wight with a +0 spear.
The wight closely misses you.
You hit the wight but do no damage.
The wight appears confused.
The wight misses you. The wight barely misses you.
The wight hits the wight with a +0 spear!
The wight hits you with a +0 flail.
* * * LOW HITPOINT WARNING * * *
You feel drained.
* * * LOW HITPOINT WARNING * * *
The wight hits you with a +0 spear.
* * * LOW HITPOINT WARNING * * *
Casting: Confusing Touch (dangerous; 5% risk of failure)
Confirm with . or Enter, or press ? or * to list all spells.
Your hands begin to glow red.
The wight hits you with a +0 flail!
You die...
Fedhas appreciates your contribution to the ecosystem.

.........#..#
............#
....^.......## #.....
....#........# #.....
....###......## ##.....
....####......###......
.....# ##......##......
.....## ##.....z#zz$...
.....)## #....zz@....##
.......####....####...#
.........#..#### ....
#...........# ..
...........#
###......## #####.##
##.# ##..###


You could see 5 wights.

Vanquished Creatures
  Sigmund (D:6)
  4 ogres
  An ice beast (D:4)
  A bullfrog (D:6)
  3 scorpions
  2 hounds
  A jelly (D:5)
  Ijyb (D:5)
  2 iguanas
  Natasha (D:2)
  Terence (D:2)
  2 orc wizards (D:5)
  4 gnolls (D:3)
  4 adders
  2 white imps
  2 ufetubi
  A worm (D:2)
  2 dart slugs
  10 orcs
  5 bats
  8 endoplasms
  3 giant cockroaches
  11 goblins
  7 hobgoblins
  2 quokkas
  8 ball pythons
  7 frilled lizards
  6 kobolds
  5 rats
107 creatures vanquished.

Vanquished Creatures (collateral kills)
  A centaur (D:5)
1 creature vanquished.

Vanquished Creatures (others)
  A dancing weapon (D:3)
1 creature vanquished.

Grand Total: 109 creatures vanquished

Notes
Turn   | Place    | Note
-------+----------+-------------------------------------------
     0 | D:1      | happo123 the Kobold Enchanter began the quest for the Orb.
     0 | D:1      | Reached XP level 1. HP: 10/10 MP: 3/3
   461 | D:1      | Reached XP level 2. HP: 15/15 MP: 5/5
   622 | D:1      | Learned a level 2 spell: Ensorcelled Hibernation
   809 | D:1      | Reached XP level 3. HP: 19/19 MP: 6/6
   813 | D:1      | Learned a level 3 spell: Confusing Touch
  1120 | D:2      | Noticed Terence
  1124 | D:2      | Killed Terence
  1125 | D:2      | Reached XP level 4. HP: 24/24 MP: 7/7
  1581 | D:2      | Noticed Natasha
  1585 | D:2      | Killed Natasha
  1603 | D:2      | Reached XP level 5. HP: 28/28 MP: 9/9
  1607 | D:2      | Learned a level 3 spell: Tukima's Dance
  1746 | D:2      | Reached skill level 1 in Fighting
  1776 | D:2      | Found a faded altar of an unknown god.
  2355 | D:3      | Reached skill level 1 in Conjurations
  3130 | D:3      | Found a blossoming altar of Fedhas.
  3135 | D:3      | Became a worshipper of Fedhas Madash
  3227 | D:3      | Found a white marble altar of Elyvilon.
  3399 | D:4      | Reached XP level 6. HP: 34/34 MP: 10/10
  3412 | D:4      | Noticed an ogre
  3420 | D:4      | Killed an ogre
  3421 | D:4      | Reached skill level 5 in Stealth
  3421 | D:4      | Reached skill level 1 in Invocations
  3421 | D:4      | Noticed an ice beast
  3438 | D:4      | Killed an ice beast
  3439 | D:4      | Reached XP level 7. HP: 40/40 MP: 7/11
  4351 | D:5      | Entered Level 5 of the Dungeon
  4388 | D:5      | Reached * piety under Fedhas
  4475 | D:5      | Noticed Ijyb
  4479 | D:5      | Killed Ijyb
  4645 | D:5      | Reached skill level 5 in Hexes
  4645 | D:5      | Reached skill level 1 in Air Magic
  4645 | D:5      | Reached XP level 8. HP: 45/45 MP: 13/13
  5238 | D:5      | Reached skill level 1 in Armour
  5403 | D:5      | Found a staircase to the Ecumenical Temple.
  5409 | Temple   | Entered the Ecumenical Temple
  5613 | D:6      | Noticed Sigmund
  5618 | D:6      | Killed Sigmund
  5619 | D:6      | Reached skill level 6 in Stealth
  5855 | D:6      | HP: 1/39 [wight/+0 spear (1)]
  5856 | D:6      | Mangled by a wight

Illustrated notes

Levels and vault maps discovered:
D:1:      matt_arrival_spirals, layout_loops_cross
D:2:      layout_basic, dreamdust_ecumenical_altar_angels_and_demons,
          dk_vineyard_2, nrook_campfire, uniq_terence, uniq_natasha
D:3:      layout_loops_ring, fedhas_ov_isle_minmay, lemuel_tele_altar
D:4:      layout_basic, minmay_misc_feat_chi
D:5:      layout_basic, minmay_temple_entry_enclosed_plants, uniq_ijyb
D:6:      layout_layer_cave, uniq_blork_the_orc, uniq_sigmund
Temple:   zaba_magenta_temple

Skill      XL: |  1  2  3  4  5  6  7  8 |
---------------+-------------------------+-----
Short Blades   | 2 3 4 |  4.5
Dodging        | 3 4 |  4.5
Fighting       | 1 2 3 |  3.2
Conjurations   | 1 2 |  2.8
Hexes          | 4 5 |  5.6
Spellcasting   | 3 4 |  4.0
Stealth        | 5 6 |  6.1
Invocations    | 1 2 |  2.7
Air Magic      | 1 2 |  2.1
Armour         | 1 |  1.2

Action                   |  1- 3 |  4- 6 |  7- 9 || total
-------------------------+-------+-------+-------++-------
Melee: Dagger            |    38 |    66 |    88 ||   192
 Cast: Ensorcelled Hiber |     1 |     7 |    30 ||    38
       Tukima's Dance    |       |     1 |     1 ||     2
       Confusing Touch   |       |     1 |     9 ||    10
 Stab: Sleeping          |    14 |    27 |    24 ||    65
       Confused          |       |     2 |     5 ||     7
Armor: Robe              |     2 |     6 |     7 ||    15
       Leather armour    |       |       |    20 ||    20
Dodge: Dodged            |    21 |    27 |    93 ||   141

Table legend: (Time is in decaauts)
 A = Elapsed time spent in this place.
 B = Non-inter-level travel time spent in this place.
 C = Inter-level travel time spent in this place.
 D = Time resting spent in this place.
 E = Time spent auto-exploring this place.
 F = Levels seen in this place.
 G = Mean time per level.
                   A        B        C        D        E       F      G
               +--------+--------+--------+--------+--------+-----+--------+
         Total |   5828 |   5548 |    280 |    242 |   4509 |   7 |  832.6 |
       Dungeon |   5738 |   5463 |    275 |    242 |   4433 |   6 |  956.3 |
        Temple |     90 |     85 |      5 |      0 |     76 |   1 |   90.0 |
               +--------+--------+--------+--------+--------+-----+--------+

Top non-repeatable levels by time:
     D:2: 1198 daAuts
     D:5: 1147 daAuts
     D:1: 1088 daAuts
     D:3: 1042 daAuts
     D:4: 1007 daAuts
     D:6: 254 daAuts
  Temple: 90 daAuts
